 Dungeon Crawl Stone Soup version 0.31-a0-358-gac0dbeb3ab (webtiles) character file.

Game seed: 14618484182677164789

267 hashsling the Slasher (level 6, -3/52 HPs)
             Began as a Draconian Gladiator on July 25, 2023.
             Killed by divine providence
             ... invoked by an orc priest
              (9 damage)
             ... on level 4 of the Dungeon.
             The game lasted 00:06:32 (2463 turns).

hashsling the Slasher (Draconian Gladiator)         Turns: 2463, Time: 00:06:32

Health: -3/52      AC:  6    Str: 16    XL:     6   Next: 0%
Magic:  6/6        EV: 12    Int: 10    God:
Gold:   170        SH:  0    Dex: 13    Spells: 5/5 levels left

rFire   . . .        a - +0 long sword
rCold   . . .        (no shield)
rNeg    . . .        (body armour unavailable)
rPois   .            b - +0 hat
rElec   .            (no cloak)
rCorr   .            (no gloves)
SInv    .            (no boots)
Will    .....        (no amulet)
Stlth   +            (no ring)
HPRegen 0.28/turn    (no ring)
MPRegen 0.10/turn

%: no passive effects
@: confused
A: AC +6, unfitting armour, cold-blooded
a: no special abilities


You were on level 4 of the Dungeon.
You visited 1 branch of the dungeon, and saw 4 of its levels.

You collected 170 gold pieces.

Inventory:

Hand Weapons
 a - a +0 long sword (weapon)
 s - a +0 falchion
Missiles
 c - a throwing net (quivered)
Armour
 b - a +0 hat (worn)
Jewellery
 t - a ring of fire
Wands
 u - a wand of digging (1)
Scrolls
 f - a scroll of immolation {unknown}
 g - a scroll of poison {unknown}
 h - a scroll of fear {unknown}
 k - a scroll of noise {unknown}
 l - 2 scrolls of identify {unknown}
 n - a scroll of enchant weapon {unknown}
 o - 3 scrolls of blinking {unknown}
 p - a scroll of teleportation {unknown}
 q - a scroll of revelation {unknown}
 r - a scroll of vulnerability {unknown}
 v - a scroll of enchant armour {unknown}
Potions
 e - a potion of mutation {unknown}
 i - 3 potions of curing {unknown}
 m - a potion of degeneration {unknown}
 w - a potion of attraction {unknown}


   Skills:
 + Level 4.2 Fighting
 * Level 5.6 Long Blades
 - Level 2.0 Throwing
 - Level 3.0 Dodging


You had 5 spell levels left.
You didn't know any spells.
Your spell library contained the following spells:

 Spells                   Type           Power      Damage    Failure   Level
 Sublimation of Blood     Necr           0%         N/A       50%         2
 Petrify                  Tmut/Erth      0%         N/A       98%         4
 Irradiate                Conj/Tmut      0%         3d11      100%        5


Dungeon Overview and Level Annotations

Branches:
Dungeon (4/15)
 Temple: D:4-7

Altars:
Fedhas
Gozag
Sif Muna
Wu Jian
Zin
The Shining One


Innate Abilities, Weirdness & Mutations

Your plain brown scales are hard. (AC +6)
You cannot fit into any form of body armour.
You are cold-blooded and may be slowed by cold attacks.


Message History

The puff of flame hits you!
The orc priest mumbles some strange prayers to Beogh against you.
Beogh smites you!
* * * LOW HITPOINT WARNING * * *
You're too confused to move!
You feel much better.
You bump into the stone wall.
The orc priest mumbles some strange prayers to Beogh against you.
Beogh smites you!
You feel less confused.
A dart slug comes into view.
Something barely misses you.
Throw: 2 throwing nets
Press: ? - help, Q - select action Shift-Dir - straight line, f - black bear, p - orc priest
Aim: a black bear (65% to hit)
You throw a throwing net. The throwing net hits the black bear.
The black bear is caught in the net!
Something hits you but does no damage.
The black bear struggles against the net.
Something hits you but does no damage.
The orc priest invokes the aid of Beogh against you.
Pain shoots through your body!
* * * LOW HITPOINT WARNING * * *
The black bear struggles against the net.
The black bear struggles against the net.
The black bear struggles against the net.
You hear some strange, mumbled words.
You are confused.
The black bear struggles against the net.
You hit the black bear.
The black bear is lightly wounded.
You hear some strange, mumbled words.
A puff of flame appears from out of thin air!
The puff of flame hits you!
* * * LOW HITPOINT WARNING * * *
The black bear struggles against the net.
The net rips apart, and the black bear comes free!
The orc priest mumbles some strange prayers to Beogh against you.
Beogh smites you!
You die...

###
###############..w.#
#.....h..<....#....#
##.......S.....#....#
#....###########....#
###...@h..........#
#.[....o........#
#.......o.......#
##.......####....#####
#....###.#..##........
#....#...##)#.#..#....
#....#...##...##......
#....#..)##o.o###(....
#....#...#..⌠..#......


You could see a black bear and 2 orc priests.

Vanquished Creatures
  An ogre (D:4)
  A hound (D:4)
  A sleepcap (D:4)
  8 adders
  A worm (D:2)
  2 orcs
  2 ball pythons
  5 endoplasms
  A giant cockroach (D:2)
  6 goblins
  7 hobgoblins
  3 jackals
  A quokka (D:4)
  5 bats
  2 frilled lizards
  3 kobolds
  3 rats
52 creatures vanquished.

Notes
Turn   | Place    | Note
-------+----------+-------------------------------------------
     0 | D:1      | hashsling the Draconian Gladiator began the quest for the
                  | Orb.
     0 | D:1      | Reached XP level 1. HP: 17/17 MP: 1/1
   803 | D:2      | Reached XP level 2. HP: 25/25 MP: 2/2
   919 | D:2      | Reached XP level 3. HP: 26/30 MP: 3/3
  1148 | D:3      | Found a glowing golden altar of the Shining One.
  1194 | D:3      | Found an ornate altar of the Wu Jian Council.
  1282 | D:3      | Found a glowing silver altar of Zin.
  1361 | D:3      | Found an opulent altar of Gozag.
  1409 | D:3      | Reached skill level 4 in Long Blades
  1494 | D:3      | Reached XP level 4. HP: 37/38 MP: 4/4
  1602 | D:3      | Found a blossoming altar of Fedhas.
  2132 | D:3      | Found a faded altar of an unknown god.
  2299 | D:4      | Noticed a black bear
  2302 | D:4      | Noticed an ogre
  2365 | D:4      | Reached XP level 5. HP: 43/45 MP: 5/5
  2407 | D:4      | Found a shimmering blue altar of Sif Muna.
  2419 | D:4      | Reached skill level 5 in Long Blades
  2437 | D:4      | Killed an ogre
  2438 | D:4      | Reached XP level 6. HP: 29/52 MP: 6/6
  2463 | D:4      | Killed from afar by an orc priest

Illustrated notes

Levels and vault maps discovered:
D:1:      sevenhm_arrival_forest_fort_large_4, layout_loops_ring
D:2:      layout_basic, grunt_decor_arrowhead, minmay_misc_feat_pillars,
          amcnicky_mini_pool_small
D:3:      minmay_recursive_quarters, layout_loops_ring,
          pdpol_temple_overflow_zin_treasury_gozag_greed, amcnicky_altar_gilded,
          mainiacjoe_overflow_catch_the_wave,
          shapermc_ecumenical_altar_mp_vishouse, kennysheep_potato
D:4:      layout_gridville, serial_shops, nicolae_shop_back_alley_shop,
          minmay_ruined_shrine

Skill      XL: |  1  2  3  4  5 |
---------------+----------------+-----
Throwing       | 2 |  2.0
Dodging        | 3 |  3.0
Long Blades    | 4 5 |  5.6
Fighting       | 3 4 |  4.2

Action                     |  1- 3 |  4- 6 || total
---------------------------+-------+-------++-------
  Melee: Long sword        |    43 |    76 ||   119
         Tailslap          |     7 |    13 ||    20
         Punch             |     1 |     1 ||     2
         Falchion          |    36 |       ||    36
  Throw: Throwing net      |     3 |     2 ||     5
         Javelin           |       |     1 ||     1
    Use: Potion            |     1 |     1 ||     2
   Stab: Sleeping          |     1 |       ||     1
         Held in net/web   |       |     1 ||     1
 Armour: Skin              |    35 |    20 ||    55
  Dodge: Dodged            |    89 |    46 ||   135

Table legend: (Time is in decaauts)
 A = Elapsed time spent in this place.
 B = Non-inter-level travel time spent in this place.
 C = Inter-level travel time spent in this place.
 D = Time resting spent in this place.
 E = Time spent auto-exploring this place.
 F = Levels seen in this place.
 G = Mean time per level.
                   A        B        C        D        E       F      G
               +--------+--------+--------+--------+--------+-----+--------+
         Total |   2491 |   2344 |    147 |      0 |   1901 |   4 |  622.8 |
       Dungeon |   2491 |   2344 |    147 |      0 |   1901 |   4 |  622.8 |
               +--------+--------+--------+--------+--------+-----+--------+

Top non-repeatable levels by time:
     D:3: 1160 daAuts
     D:1: 723 daAuts
     D:2: 427 daAuts
     D:4: 179 daAuts
